Unix NetHack Version 5.0.0-0 post-release - last build May 23 2026 06:08:33 (1c0ff79ee797540d5714e4e18072db0edd9e58ae,branch:main).

Game began 2026-05-28 23:27:42, ended 2026-05-29 00:10:58.

Kwijibo4686, neutral female human Valkyrie

      ----
     --..|
     |...----
     |......-
     ---.|...
       ----...
          |......
          |....)-
          ---.)).
         #--|.<..
        --#.---..
       --..).||..
       |....%--..
       |.........
          -..@h..
           ....

Kwijibo4686 the Fighter     St:17 Dx:13 Co:18 In:9 Wi:10 Ch:9  Neutral
Dlvl:7  $:10 HP:0(63) Pw:12(12) AC:4  Xp:6 T:2493  Hungry  

Latest messages:
 For some reason, the gnome's presence is known to you.
 You feel aggravated at the gnome.
 You see here an aklys.
 You see here a corroded aklys.
 The flask crashes on your head and breaks into shards.
 The murky potion evaporates.
 Something seems to be holding you.
 You can move again.
 You hear some noises in the distance.
 You hear an A note squeak in the distance.
 You hear some noises.
 The kitten misses it.
 The kitten bites it.
 It swings its aklys at the kitten.
 It misses the kitten.
 The kitten bites it.
 Your kitten eats a gnome corpse.
 You attack thin air.
 You are beginning to feel hungry.
 You hit the dwarf!
 The dwarf thrusts his dagger.
 The dwarf hits!
 You miss the dwarf.
 The dwarf thrusts his dagger.
 The dwarf hits!
 You miss the dwarf.
 The dwarf thrusts his dagger.
 The dwarf hits!
 You hit the dwarf.
 You hit the dwarf.
 The dwarf thrusts his dagger.
 The dwarf hits!
 You kill the dwarf!
 You hear some noises in the distance.
 You are hit by a dart.
 The gnome lord hits!
 You hit the gnome lord!
 The gnome lord hits!
 It bites the gnome lord.
 The gnome lord hits it.
 You kill the gnome lord!
 Your kitten eats a gnome lord corpse.
 You attack thin air.
 You are hit by an aklys.
 The aklys returns to its hand!
 You hit the dwarf!
 The dwarf swings his aklys.
 The dwarf hits!
 You die...
 Do you want your possessions identified? [ynq] (y) q

Inventory:
 Coins    ('$')
  $ - 10 gold pieces
 Weapons  (')')
  b - a +0 dagger (alternate weapon; not wielded)
  a - a +1 spear (weapon in right hand)
 Armor    ('[')
  r - an uncursed +0 pair of iron shoes (being worn)
  z - a cursed -3 pair of levitation boots
  c - an uncursed +3 small shield (being worn)
 Comestibles  ('%')
  d - 4 uncursed food rations
  f - 2 cursed food rations
  g - 2 uncursed melons
  i - 2 uncursed lichen corpses
 Scrolls  ('?')
  n - a cursed scroll of fire
  l - an uncursed scroll of remove curse
 Spellbooks  ('+')
  o - an uncursed spellbook of magic missile
 Potions  ('!')
  u - a blessed potion of booze
  p - an uncursed potion of gain ability
 Rings    ('=')
  j - an uncursed ring of levitation
  t - an uncursed ring of sustain ability
 Wands    ('/')
  m - a wand of lightning (0:8)
  e - a wand of slow monster (0:5)
 Tools    ('(')
  w - a bag of tricks (0:18)
  s - a +0 pick-axe
  x - an uncursed skeleton key
  q - 4 uncursed tallow candles
  v - an uncursed tin whistle

Kwijibo4686 the Valkyrie's attributes:

Background:
 You were a Fighter, a level 6 human Valkyrie.
 You were neutral, on a mission for Odin
 who was opposed by Tyr (lawful) and Loki (chaotic).
 You were right-handed.
 You were in the Gnomish Mines, on level 7.
 You entered the dungeon 2493 turns ago.
 It was the midnight hour.
 You had 461 experience points, 179 more were needed to attain level 7.

Basics:
 You had 0 out of 63 hit points.
 You had all 12 energy points (spell power).
 Your armor class was 4.
 Your wallet contained 10 zorkmids.
 Autopickup was on for '$?!/="' plus thrown.

Final Characteristics:
 Your strength was 17 (limit:18/100).
 Your dexterity was 13 (limit:18).
 Your constitution was 18 (limit:18).
 Your intelligence was 9 (limit:18).
 Your wisdom was 10 (limit:18).
 Your charisma was 9 (limit:18).

Final Status:
 You were hungry.
 You were unencumbered.
 You were wielding a spear.
 You had basic skill with spear and could have enhanced that.

Final Attributes:
 You were piously aligned.
 You were cold resistant.
 You were stealthy.
 You are dead.

Miscellaneous:
 You didn't encounter any bones levels.
 Total elapsed playing time was 43 minutes and 16 seconds.

Major events:
 Turn
    1: Kwijibo4686 the neutral human Valkyrie entered the dungeon
 1044: attained the rank of Skirmisher (level 3)
 1180: entered the Gnomish Mines
 1959: reached Mine Town
 2023: attained the rank of Fighter (level 6)
 2493: killed by a dwarf

You didn't know any spells.

Skills:
 Fighting Skills
   bare handed combat [Unskilled]
   two weapon combat  [Unskilled]
   riding             [Unskilled]
 Weapon Skills
   dagger             [Basic]
   axe                [Unskilled]
   pick-axe           [Unskilled]
   short sword        [Unskilled]
   broadsword         [Unskilled]
   long sword         [Unskilled]
   two-handed sword   [Unskilled]
   saber              [Unskilled]
   hammer             [Unskilled]
   quarterstaff       [Unskilled]
   polearms           [Unskilled]
   spear              [Basic]
   trident            [Unskilled]
   lance              [Unskilled]
   sling              [Unskilled]
 Spellcasting Skills
   attack spells      [Unskilled]
   escape spells      [Unskilled]

Voluntary challenges:
 Character rerolling was not enabled.
 You never genocided any monsters.
 You never polymorphed an object.
 You never changed form.
 You used no wishes.
Achievements:
 You entered a shop.
 You attained the rank of Skirmisher.
 You entered the Gnomish Mines.
 You entered Minetown.
 You attained the rank of Fighter.
 You entered a temple.

 The Dungeons of Doom: levels 1 to 4
    Level 1:
    Level 2:
       A potion shop, an altar, a fountain.
    Level 3:
       A fountain.
       Stairs down to The Gnomish Mines.
    Level 4:
 The Gnomish Mines: levels 4 to 7
    Level 4:
    Level 5:
    Level 6:
       Some shops, a temple and an altar, some fountains.
    Level 7: <- You were here.
       Final resting place for
          you, killed by a dwarf.


Vanquished creatures:
  a gnome ruler
 an ape
  a bugbear
  a rock mole
  a yellow light
  2 shriekers
  4 gnome leaders
  4 gnomish wizards
  6 dwarves
 an iguana
  a hobbit
  4 giant rats
  a brown mold
  a yellow mold
  a red mold
 24 gnomes
  2 geckos
  6 jackals
  a fox
  6 grid bugs
  3 lichens
  2 kobold zombies
  6 newts
80 creatures vanquished.

No species were genocided or became extinct.

Game over:
                       ----------
                      /          \
                     /    REST    \
                    /      IN      \
                   /     PEACE      \
                  /                  \
                  |   Kwijibo4686    |
                  |      10 Au       |
                  |   killed by a    |
                  |      dwarf       |
                  |                  |
                  |                  |
                  |       2026       |
                 *|     *  *  *      | *
        _________)/\\_//(\/(/\)/\//\/|_)_______

Farvel Kwijibo4686 the Valkyrie...

You died in The Gnomish Mines on dungeon level 7 with 2153 points,
and 10 pieces of gold, after 2493 moves.
You were level 6 with a maximum of 63 hit points when you died.

